 Dungeon Crawl Stone Soup version 0.24.0-123-gd5b16e6ec5 (webtiles) character file.

Game seed: 5893653040558626956, levelgen mode: deterministic

1453 ThatCXCTrollArtagas the Covert (level 8, -6/53 HPs)
             Began as a Vampire Assassin on Feb 1, 2020.
             Was an Initiate of Kikubaaqudgha.
             Mangled by Menkaure (21 damage)
             ... on level 6 of the Dungeon.
             The game lasted 00:32:05 (6429 turns).

ThatCXCTrollArtagas the Covert (Vampire Assassin)   Turns: 6429, Time: 00:32:05

Health: -6/53      AC:  4    Str: 10    XL:     8   Next: 47%
Magic:  8/8        EV: 17    Int: 13    God:    Kikubaaqudgha [......]
Gold:   114        SH:  0    Dex: 18    Spells: 7/7 levels left

rFire    . . .     SeeInvis +   a - +2 dagger
rCold    + + .     Gourm    .   (no shield)
rNeg     + + +     Faith    .   n - +0 leather armour
rPois    ∞         Spirit   .   (no helmet)
rElec    .         Reflect  .   c - +0 cloak
rCorr    .         Harm     .   (no gloves)
MR       .....                  (no boots)
Stlth    ++++++....             (no amulet)
HPRegen  0.00/turn              i - ring of see invisible
MPRegen  0.11/turn              (no ring)

@: bloodless
A: no food, fangs 3, see invisible, unbreathing
a: Bat Form, Revivify, Renounce Religion


You were on level 6 of the Dungeon.
You worshipped Kikubaaqudgha.
Kikubaaqudgha was noncommittal.
You were bloodless.

You visited 1 branch of the dungeon, and saw 7 of its levels.

You collected 226 gold pieces.
You spent 112 gold pieces at shops.

Inventory:

Hand Weapons
 a - a +2 dagger (weapon)
 b - a +0 hunting sling
   (You took it off a goblin on level 3 of the Dungeon)
Missiles
 d - 5 poisoned darts (quivered)
 e - 2 curare-tipped darts
 f - 173 stones
 q - 16 sling bullets
Armour
 c - a +0 cloak (worn)
 n - a +0 leather armour (worn)
   (You took it off an orc on level 2 of the Dungeon)
 p - a +0 robe
Jewellery
 i - a ring of see invisible (left hand)
   (You found it on level 3 of the Dungeon)
 k - an uncursed amulet of rage
   (You found it on level 2 of the Dungeon)
Wands
 g - a wand of random effects (23)
   (You took it off an orc on level 3 of the Dungeon)
Scrolls
 h - a scroll of fear
 l - a scroll of immolation
 m - a scroll of fog
 r - 4 scrolls of identify
 s - a scroll of enchant armour
 t - 3 scrolls of teleportation
 w - a scroll of remove curse
 x - a scroll of brand weapon


   Skills:
 - Level 7.0 Fighting
 - Level 9.2 Short Blades
 - Level 0.9(2.0) Slings
 - Level 2.9(3.0) Throwing
 - Level 1.0 Armour
 - Level 8.0 Dodging
 + Level 9.4 Stealth
 + Level 0.7 Evocations


You had 7 spell levels left.
You didn't know any spells.
Your spell library was empty.

Dungeon Overview and Level Annotations

Branches:
Dungeon (7/15)
 Temple: D:4-7

Altars:
Elyvilon
Gozag
Kikubaaqudgha
Nemelex Xobeh
Qazlal
Vehumet
Zin

Shops:
D:4 ?

Annotations:
D:2 exclusion: phantom
D:5 exclusion: statue
D:6 Edmund, Menkaure


Innate Abilities, Weirdness & Mutations

You do not eat.
You do not regenerate when monsters are visible.
You are frail without blood (-20% HP).
You can heal yourself when you bite living creatures.
You are immune to poison.
You have razor-sharp teeth.
You have supernaturally acute eyesight. (SInv)
You can survive without breathing.


Message History

The ice beast hits you but does no damage.
You hit the ice beast.
The ice beast is severely wounded.
You closely miss the ice beast. Your bite misses the ice beast.
The ice beast is severely wounded.
The ice beast hits you but does no damage.
You closely miss the ice beast.
The ice beast is severely wounded.
You hit the ice beast but do no damage.
The ice beast is severely wounded.
The ice beast hits you. The ice beast freezes you.
You hit the ice beast.
The ice beast is severely wounded.
You hit the ice beast.
You bite the ice beast, but do no damage.
The ice beast is severely wounded.
The ice beast hits you but does no damage.
You hit the ice beast.
The ice beast is almost dead.
You barely miss the ice beast.
The ice beast is almost dead.
The ice beast barely misses you.
You hit the ice beast.
You bite the ice beast, but do no damage.
The ice beast is almost dead.
You hit the ice beast.
The ice beast is almost dead.
The ice beast hits you but does no damage.
You barely miss the ice beast.
The ice beast is almost dead.
The ice beast hits you. The ice beast freezes you!
You barely miss the ice beast.
The ice beast is almost dead.
You hit the ice beast but do no damage.
The ice beast is almost dead.
The ice beast completely misses you.
You hit the ice beast.
You kill the ice beast!
Kikubaaqudgha accepts your kill.
Search for what [Enter for "short bl", or ? for help]? weap HP restored.
Menkaure, Prince of Dust comes into view.
Menkaure shouts!
Menkaure casts a spell.
Menkaure seems to speed up.
There is a stone staircase leading down here.
You can't go up here!
You climb downwards.
Found 2 cyan potions.
There is a stone staircase leading up here.
You begin bloodletting.
You continue bloodletting. x5
Now bloodless.
You climb upwards.
Level annotation: Edmund, Menkaure
There is a stone staircase leading down here.
Press: ? - help, v - describe, . - travel The floor.
You hit Menkaure.
Menkaure is lightly damaged.
Menkaure closely misses you.
You hit Menkaure.
Menkaure is moderately damaged.
Menkaure misses you.
You hit Menkaure.
Menkaure is moderately damaged.
You hit Menkaure but do no damage.
Menkaure is moderately damaged.
Menkaure closely misses you.
You barely miss Menkaure.
Menkaure is moderately damaged.
Menkaure hits you!
You completely miss Menkaure.
Menkaure is moderately damaged.
You completely miss Menkaure.
Menkaure is moderately damaged.
Menkaure barely misses you.
You hit Menkaure.
Menkaure is moderately damaged.
You hit Menkaure.
Menkaure is heavily damaged.
Menkaure completely misses you.
You hit Menkaure but do no damage.
Menkaure is heavily damaged.
Menkaure hits you.
You barely miss Menkaure. You bite Menkaure.
Menkaure is heavily damaged.
You hit Menkaure.
Menkaure is severely damaged.
Menkaure hits you.
You barely miss Menkaure. You bite Menkaure.
Menkaure is almost destroyed.
Menkaure hits you!!
* * * LOW HITPOINT WARNING * * *
You hit Menkaure but do no damage. You bite Menkaure, but do no damage.
Menkaure is almost destroyed.
You hit Menkaure but do no damage. You bite Menkaure, but do no damage.
Menkaure is almost destroyed.
Menkaure hits you!!
You die...
Kikubaaqudgha rasps: "You have failed me!
Welcome... oblivion!"

##################
...............M@#
#############.##.#
#.##.# #.##.#
#.##.### #......#
####.#.# #.#.#
#.#.#


You could see Menkaure.

Vanquished Creatures
  Sigmund (D:5)
  Eustachio (D:6)
  A sky beast (D:6)
  An ice beast (D:6)
  A water moccasin zombie (D:5)
  A vampire bat (D:3)
  2 crimson imps
  A hound (D:5)
  2 orc wizards
  A centaur skeleton (D:4)
  Jessica (D:3)
  2 iguanas (D:6)
  A hound zombie (D:5)
  7 adders
  A shadow imp (D:5)
  An ooze (D:2)
  An adder zombie (D:5)
  3 worms
  A dart slug (D:2)
  10 orcs
  3 giant cockroaches
  10 goblins
  6 hobgoblins
  2 jackals (D:2)
  4 quokkas
  3 ball pythons
  13 bats
  3 frilled lizards
  A giant cockroach zombie (D:5)
  7 kobolds
  4 rats
96 creatures vanquished.

Notes
Turn   | Place    | Note
-------+----------+-------------------------------------------
     0 | D:1      | ThatCXCTrollArtagas the Vampire Assassin began the quest
                  | for the Orb.
     0 | D:1      | Reached XP level 1. HP: 16/16 MP: 1/1
    96 | D:1      | Found a sparkling altar of Nemelex Xobeh.
   116 | D:1      | Reached skill level 6 in Stealth
   689 | D:2      | Reached XP level 2. HP: 22/22 MP: 2/2
   739 | D:2      | Noticed a phantom
   877 | D:2      | Reached skill level 2 in Fighting
   877 | D:2      | Reached skill level 7 in Stealth
   877 | D:2      | Reached XP level 3. HP: 25/27 MP: 3/3
  1003 | D:2      | Found a faded altar of an unknown god.
  1178 | D:2      | Found a white marble altar of Elyvilon.
  1207 | D:2      | Reached skill level 3 in Short Blades
  1729 | D:3      | Noticed Jessica
  1738 | D:3      | Killed Jessica
  1738 | D:3      | Reached skill level 4 in Short Blades
  1738 | D:3      | Reached XP level 4. HP: 24/33 MP: 4/4
  1865 | D:3      | Reached skill level 1 in Armour
  1911 | D:3      | Reached XP level 5. HP: 24/38 MP: 5/5
  2560 | D:3      | Reached skill level 2 in Throwing
  2928 | D:3      | Found a stormy altar of Qazlal.
  3064 | D:4      | Found Feocvow's Magic Scroll Shop.
  3495 | D:4      | Reached XP level 6. HP: 44/44 MP: 6/6
  3908 | D:5      | Entered Level 5 of the Dungeon
  3923 | D:5      | Reached skill level 8 in Stealth
  4047 | D:5      | Reached skill level 5 in Short Blades
  4070 | D:5      | Noticed Sigmund
  4283 | D:5      | Found a glowing silver altar of Zin.
  4302 | D:5      | Found an ancient bone altar of Kikubaaqudgha.
  4632 | D:5      | Found an opulent altar of Gozag.
  4781 | D:5      | Became a worshipper of Kikubaaqudgha
  4911 | D:5      | HP: 3/44 [Sigmund/+5 scythe of slicing (8)]
  4913 | D:5      | Reached skill level 6 in Fighting
  4913 | D:5      | Reached skill level 9 in Short Blades
  4913 | D:5      | Reached skill level 7 in Dodging
  4913 | D:5      | Reached XP level 7. HP: 3/59 MP: 7/7
  4927 | D:5      | Killed Sigmund
  4927 | D:5      | Reached skill level 9 in Stealth
  4927 | D:5      | Reached XP level 8. HP: 11/65 MP: 8/8
  5121 | D:5      | Found a radiant altar of Vehumet.
  5618 | D:6      | Noticed Eustachio
  5924 | D:6      | Killed Eustachio
  5924 | D:6      | Reached skill level 7 in Fighting
  5924 | D:6      | Reached skill level 8 in Dodging
  6133 | D:6      | Noticed Edmund
  6229 | D:4      | Bought a scroll of teleportation for 42 gold pieces
  6229 | D:4      | Bought a scroll of teleportation for 42 gold pieces
  6229 | D:4      | Bought a scroll of identify for 28 gold pieces
  6394 | D:6      | Noticed Menkaure
  6429 | D:6      | Mangled by Menkaure

Levels and vault maps discovered:
D:1:      minmay_arrival_five_plusses, layout_loops_ring,
          nemelex_xobeh_ov_fountains_minmay
D:2:      layout_loops_ring, nicolae_overflow_hidden_temple,
          chequers_ecumenical_altar_lobes, minmay_between
D:3:      layout_rooms, lemuel_round_altar, first_ration, roderic_batcave,
          uniq_jessica
D:4:      layout_cave_pods, serial_shops, kennysheep_mini
D:5:      layout_loops_ring, lemuel_crystal_altar, kennysheep_mini_moat,
          overflow_temple_1_default, vehumet_statue, uniq_sigmund
D:6:      layout_basic, lemuel_doored_altar, uniq_edmund, uniq_eustachio,
          uniq_menkaure
D:7:      layout_gridville, lemuel_blue_sif_altar, temple_fountains, basic_altar

Skill      XL: |  1  2  3  4  5  6  7  8 |
---------------+-------------------------+-----
Stealth        | 6 7 8 9 |  9.4
Fighting       | 2 6 7 |  7.0
Short Blades   | 4 9 |  9.2
Armour         | 1 |  1.0
Throwing       | 2 |  2.9
Dodging        | 7 8 |  8.0
Slings         | |  0.9
Evocations     | |  0.7

Action                   |  1- 3 |  4- 6 |  7- 9 || total
-------------------------+-------+-------+-------++-------
Melee: Dagger            |   106 |   222 |   209 ||   537
       Bite              |    10 |    22 |    22 ||    54
 Fire: Hunting sling     |       |    87 |    18 ||   105
Throw: Stone             |    19 |       |       ||    19
       Dart              |       |     5 |     7 ||    12
 Abil: Exsanguinate      |       |     1 |     1 ||     2
Evoke: Wand              |       |    10 |     4 ||    14
  Use: Potion            |       |     2 |     3 ||     5
       Scroll            |       |       |     8 ||     8
 Stab: Sleeping          |    10 |     3 |     2 ||    15
       Distracted        |     1 |       |       ||     1
Armor: Robe              |    12 |       |       ||    12
       Leather armour    |     2 |    68 |    14 ||    84
       Skin              |       |       |     1 ||     1
Dodge: Dodged            |    44 |   106 |    78 ||   228

Levels and vault maps discovered:
D:1:      minmay_arrival_five_plusses, layout_loops_ring,
          nemelex_xobeh_ov_fountains_minmay
D:2:      layout_loops_ring, nicolae_overflow_hidden_temple,
          chequers_ecumenical_altar_lobes, minmay_between
D:3:      layout_rooms, lemuel_round_altar, first_ration, roderic_batcave,
          uniq_jessica
D:4:      layout_cave_pods, serial_shops, kennysheep_mini
D:5:      layout_loops_ring, lemuel_crystal_altar, kennysheep_mini_moat,
          overflow_temple_1_default, vehumet_statue, uniq_sigmund
D:6:      layout_basic, lemuel_doored_altar, uniq_edmund, uniq_eustachio,
          uniq_menkaure
D:7:      layout_gridville, lemuel_blue_sif_altar, temple_fountains, basic_altar

Table legend:
 A = Turns spent in this place as a percentage of turns spent in the entire game.
 B = Non-inter-level travel turns spent in this place as a percentage of non-inter-level travel turns spent in the entire game.
 C = Inter-level travel turns spent in this place as a percentage of turns spent in this place.
 D = Turns resting spent in this place as a percentage of non-inter-level travel turns spent in this place.
 E = Turns spent auto-exploring this place as a percentage of non-inter-level travel turns spent in this place.
 F = Non-inter-level travel turns spent in this place divided by the number of levels of this place that you've seen.
                   A       B       C       D       E      F
               +-------+-------+-------+-------+-------+----------------------
         Total | 100.0 | 100.0 |   5.5 |  20.2 |  42.6 | 867.6
       Dungeon | 100.0 | 100.0 |   5.5 |  20.2 |  42.6 | 867.6
               +-------+-------+-------+-------+-------+----------------------

Table legend:
 A = Kills in this place as a percentage of kills in entire the game.
 B = Kills by you in this place as a percentage of kills by you in the entire game.
 C = Kills by friends in this place as a percentage of kills by friends in the entire game.
 D = Other kills in this place as a percentage of other kills in the entire game.
 E = Experience gained in this place as a percentage of experience gained in the entire game.
 F = Experience gained in this place divided by the number of levels of this place that you have seen.
                   A       B       C       D       E      F
               +-------+-------+-------+-------+-------+----------------------
         Total | 100.0 | 100.0 |   N/A |   N/A | 100.0 | 209.3
       Dungeon | 100.0 | 100.0 |   N/A |   N/A | 100.0 | 209.3
               +-------+-------+-------+-------+-------+----------------------
